 Dungeon Sprint DCSS version 0.30.1-9-gdf580d7c3d (webtiles) character file.

Game seed: 11458417709354282245

207 Heoruswealwe the Spear-Bearer (level 5, -2/53 HPs)
             Began as a Minotaur Fighter on Sept 29, 2023.
             Succumbed to a water moccasin's poison
             ... in the Dungeon (Sprint IX: "|||||||||||||||||||||||||||||").
             The game lasted 00:00:59 (57 turns).

Heoruswealwe the Spear-Bearer (Minotaur Fighter)      Turns: 57, Time: 00:00:59

Health: -2/53      AC:  4    Str: 22    XL:     5   Next: 54%
Magic:  4/4        EV:  9    Int:  5    God:
Gold:   0          SH:  4    Dex: 10    Spells: 4/4 levels left

rFire   . . .        a - +0 trident
rCold   . . .        d - +0 buckler
rNeg    . . .        c - +0 scale mail
rPois   .            (helmet restricted)
rElec   .            (no cloak)
rCorr   .            (no gloves)
SInv    .            (no boots)
Will    .....        (no amulet) Stlth
                     (no ring)
HPRegen 0.28/turn    (no ring)
MPRegen 0.09/turn

%: no teleportation
@: lethally poisoned (-2 -> -16), corroded
A: horns 2, retaliatory headbutt
a: no special abilities


You were in the Dungeon.
You visited 1 branch

Inventory:

Hand Weapons
 a - a +0 trident (weapon)
Armour
 c - a +0 scale mail (worn)
 d - a +0 buckler (worn)
Scrolls
 j - a scroll of blinking
Potions
 b - a potion of might
 e - a potion of curing
 g - a potion of haste
 i - a potion of berserk rage


   Skills:
 + Level 7.8 Fighting
 * Level 10.1 Polearms
 + Level 7.8 Armour
 - Level 3.6 Shields


You had 4 spell levels left.
You didn't know any spells.
Your spell library was empty.

Dungeon Overview and Level Annotations

Branches:
Dungeon (1/1)

Altars:


Innate Abilities, Weirdness & Mutations

You have a pair of horns on your head.
You reflexively headbutt those who attack you in melee.


Message History

You feel agile.
You puncture the jelly! The acid corrodes you!
Your hands burn!
The jelly is severely wounded.
You block the jelly's attack.
You barely miss the jelly.
The jelly is severely wounded.
The jelly barely misses you. You furiously retaliate!
You headbutt the jelly. You puncture the jelly!
You kill the jelly!
The water moccasin closely misses you.
Your Polearms skill increases to level 8!
You hit the water moccasin but do no damage.
The water moccasin bites you but does no damage.
You puncture the water moccasin!
Your headbutt misses the water moccasin.
The water moccasin is moderately wounded.
The water moccasin bites you!
You hit the water moccasin.
The water moccasin is heavily wounded.
The water moccasin bites you. x2
* * * LOW HITPOINT WARNING * * *
You hit the water moccasin.
You headbutt the water moccasin, but do no damage.
The water moccasin is almost dead.
The water moccasin bites you!
* * * LOW HITPOINT WARNING * * *
You are lethally poisoned!
The water moccasin poisons you!
You barely miss the water moccasin.
The water moccasin is almost dead.
* * * LOW HITPOINT WARNING * * *
You feel very sick. The water moccasin barely misses you.
You furiously retaliate!
You headbutt the water moccasin!
You kill the water moccasin!
Your Fighting skill increases to level 7!
Your Polearms skill gained 2 levels and is now at level 10!
Your Armour skill increases to level 7!
You have reached level 5!
You die... ▓▓▓▓▓▓▓▓▓▓▓▓▓▓▓▓▓▓ ▓<.!.).....@.....+ ▓▓▓▓▓▓▓▓▓▓▓▓▓▓▓▓▓▓

There were no monsters in sight!

Vanquished Creatures
  A water moccasin (D)
  A scorpion (D)
  A jelly (D)
  A gnoll (D)
  An endoplasm (D)
  A goblin (D)
  A quokka (D)
  A ball python (D)
  A frilled lizard (D)
  A rat (D)
10 creatures vanquished.

Notes
Turn   | Place    | Note
-------+----------+-------------------------------------------
     0 | D        | Heoruswealwe the Minotaur Fighter began the quest for the
                  | Orb.
     0 | D        | Reached XP level 1. HP: 19/19 MP: 0/0
    10 | D        | Reached skill level 3 in Polearms
    29 | D        | Noticed a scorpion
    29 | D        | Noticed a jelly
    29 | D        | Noticed a water moccasin
    37 | D        | Reached skill level 4 in Polearms
    37 | D        | Reached XP level 2. HP: 24/28 MP: 1/1
    48 | D        | Killed a scorpion
    49 | D        | Reached skill level 7 in Polearms
    49 | D        | Reached XP level 3. HP: 26/37 MP: 2/2
    49 | D        | Reached XP level 4. HP: 31/44 MP: 3/3
    52 | D        | Reached skill level 8 in Polearms
    56 | D        | HP: 1/45 [poisoned by a water moccasin]
    56 | D        | Killed a water moccasin
    57 | D        | Reached skill level 10 in Polearms
    57 | D        | Reached XP level 5. HP: 1/53 MP: 4/4
    57 | D        | Succumbed to a water moccasin's poison

Illustrated notes

Levels and vault maps discovered:
D:        linesprint [early_d, line_temple, items_1, d_10, items_2, lair_1,
          lair_end, items_3, orc_1, orc_end, items_4, d_15, swamp_1, shoals_1,
          snake_1, spider_1, d_20, vaults_1, items_5, swamp_end, shoals_end,
          snake_end, spider_end, vaults_end, d_27, items_6, zot_1, zot_end,
          crypt_end, forest_end, elf_end, slime_end, tomb_end, abyss_end,
          pan_hell_end]

Skill      XL: |  1  2  3  4 |
---------------+-------------+-----
Polearms       | 4 7 10 | 10.1
Fighting       | 4 6 7 |  7.8
Armour         | 4 6 7 |  7.8
Shields        | |  3.6

Action                     |  1- 3 |  4- 6 || total
---------------------------+-------+-------++-------
  Melee: Trident           |    33 |     8 ||    41
         Headbutt          |     3 |     1 ||     4
    Use: Potion            |     1 |       ||     1
 Armour: Scale mail        |    11 |     1 ||    12
  Dodge: Dodged            |     7 |     3 ||    10
  Block: Buckler           |     6 |     1 ||     7
